Map: [ESL] Alcyone

Players

ONSYDERyung (Ryung) - Winner!

  • Race: Terran Terran
  • Spawn Location: 7:00

LiquidMaNa (MaNa)

  • Race: Protoss Protoss
  • Spawn Location: 1:00

Event: IEM Katowice 2024

VOD

Have the link to the VOD?

Description

Time

  • Played on: Dec. 5, 2023, 5:18 a.m.
  • Length: 11:31

All games in this series

Show
View Real Time Build Order
Export as new Build Order

ONSYDERyung Terran - Winner!

Build Orders: Cyclone Opening 

Get SALT Encoding   

  12  0:00  SCV  
  13  0:12  SCV  
  14  0:17  Supply Depot  
  14  0:24  SCV  
  15  0:38  SCV  
  15  0:40  Barracks  
  16  0:43  Refinery  
  16  0:50  SCV  
  16  0:52  Refinery  
  17  1:02  SCV  
  18  1:05  Supply Depot  
  18  1:15  SCV  
  19  1:27  Orbital Command  
  19  1:28  Reaper  
  20  1:41  Factory  
  20  1:53  SCV  
  21  2:00  Reaper  
  22  2:05  SCV  
  23  2:17  Command Center  
  23  2:18  SCV  
  24  2:26  Cyclone  
  26  2:30  SCV  
  27  2:37  Barracks Reactor  
  27  2:41  Barracks  
  27  2:42  SCV  
  28  2:46  Supply Depot  
  28  2:54  SCV  
  29  3:01  Factory Tech Lab  
  29  3:02  Barracks  
  29  3:08  SCV  
  30  3:14  Marine x2  
  32  3:20  SCV  
  33  3:29  Orbital Command  
  33  3:31  Barracks Tech Lab  
  33  3:32  SCV  
  34  3:42  Marine x2  
  34  3:44  SCV  
  34  3:45  Engineering Bay  
  36  3:49  Cyclone  
  37  3:56  SCV  
  37  3:57  SCV  
  37  3:59  Stimpack  
  37  4:00  Combat Shield  
  39  4:04  Marine x2  
  39  4:05  Marine  
  39  4:08  SCV  
  43  4:10  SCV  
  43  4:19  Terran Infantry Weapons Level 1  
  43  4:22  SCV x2  
  43  4:25  Marine x4  
  47  4:32  Factory Reactor  
  47  4:34  SCV x2  
  47  4:35  Starport  
  49  4:41  Supply Depot  
  49  4:46  SCV x2  
  49  4:47  Marine x3  
  54  4:56  Supply Depot  
  54  5:03  Marauder, SCV x2  
  54  5:04  Supply Depot  
  54  5:05  Marauder  
  60  5:08  Marine x2  
  60  5:10  Refinery  
  62  5:17  SCV x2, Medivac x2  
  68  5:22  Supply Depot  
  68  5:26  Missile Turret  
  68  5:28  Marine  
  68  5:29  Marauder x2, Marine  
  68  5:32  SCV  
  68  5:33  SCV  
  76  5:36  Factory Reactor, Supply Depot  
  76  5:37  Concussive Shells  
  76  5:45  SCV x2  
  76  5:46  Supply Depot  
  76  5:48  Marine x2, Refinery  
  80  5:50  Marauder  
  80  5:53  Marauder  
  84  6:04  SCV x2  
  85  6:08  Medivac x2  
  89  6:16  Marine x2, SCV x2  
  89  6:17  Marauder x2  
  97  6:23  Widow Mine x2  
  100  6:31  SCV  
  93  6:35  Command Center  
  93  6:36  Marine x2  
  93  6:38  SCV  
  96  6:43  SCV  
  95  6:50  Viking  
  95  6:51  Barracks x2  
  95  6:53  Viking  
  98  6:55  SCV  
  98  6:58  Terran Infantry Armor Level 1  
  99  7:07  Supply Depot  
  99  7:08  Supply Depot  
  99  7:12  SCV x2  
  99  7:15  Supply Depot  
  101  7:17  Marauder x2  
  101  7:20  Viking  
  107  7:23  Medivac  
  107  7:25  SCV  
  107  7:28  SCV  
  111  7:30  Supply Depot  
  111  7:33  Supply Depot  
  111  7:37  SCV  
  111  7:40  SCV  
  111  7:41  Barracks Reactor, Barracks Tech Lab  
  113  7:48  Marauder x2, Marine x2  
  118  7:51  Orbital Command  
  118  7:53  SCV x2  
  120  8:03  Viking  
  120  8:05  Armory, Missile Turret  
  122  8:06  Engineering Bay  
  122  8:07  SCV x2  
  124  8:15  Viking  
  124  8:18  SCV  
  124  8:19  SCV  
  129  8:20  Marauder, SCV  
  129  8:21  Marauder  
  129  8:22  Marine x2  
  129  8:23  Marine  
  136  8:32  SCV x2  
  137  8:35  Supply Depot  
  137  8:38  Marauder, Marine  
  137  8:39  Ghost Academy  
  140  8:42  Supply Depot, Refinery x2  
  140  8:43  Supply Depot  
  140  8:48  SCV x3  
  140  8:51  Terran Infantry Weapons Level 2  
  140  8:53  Terran Infantry Armor Level 2  
  140  8:54  Missile Turret  
  142  9:00  Missile Turret  
  142  9:02  Marine x2  
  148  9:03  Marine x2  
  148  9:07  Widow Mine x2  
  154  9:12  Ghost x3  
  154  9:15  Medivac x2  
  157  9:23  Command Center  
  157  9:27  Marine x4  
  161  9:40  Widow Mine  
  161  9:42  Ghost x3  
  169  9:47  Barracks x2  
  169  9:51  Barracks, Marine x4  
  173  10:01  Missile Turret  
  173  10:02  Viking x2  
  177  10:12  Marauder  
  177  10:13  Marine x4, Marauder x2  
  187  10:30  Supply Depot  
  187  10:37  Barracks Tech Lab x2  
  187  10:39  Viking x2, Barracks Reactor  
  191  10:43  Missile Turret  
  191  10:47  Supply Depot  
  191  10:49  Marauder x3, Marine x2  
  199  10:50  SCV  
Show
View Real Time Build Order
Export as new Build Order

LiquidMaNa Protoss 

Build Orders: 1 Gate Expand, Oracle Opening, Phoenix Opening, Colossus Rush 

Get SALT Encoding   

  12  0:00  Probe  
  13  0:12  Probe  
  14  0:18  Pylon  
  14  0:24  Probe (Chrono Boost)  
  15  0:37  Probe (Chrono Boost)  
  15  0:39  Gateway  
  16  0:45  Probe (Chrono Boost)  
  17  0:51  Assimilator, Probe  
  18  1:03  Probe  
  19  1:15  Probe  
  19  1:26  Cybernetics Core  
  19  1:27  Probe  
  20  1:39  Nexus  
  20  1:46  Pylon  
  20  1:49  Probe  
  21  1:55  Assimilator  
  21  2:01  Adept (Chrono Boost), Probe  
  24  2:13  Probe  
  25  2:21  Stargate  
  25  2:24  Adept (Chrono Boost)  
  25  2:25  Probe  
  28  2:37  Probe, Warp Gate  
  29  2:47  Stalker  
  29  2:50  Probe  
  32  2:53  Probe  
  33  3:03  Probe  
  34  3:10  Oracle (Chrono Boost)  
  34  3:13  Probe  
  34  3:15  Probe  
  34  3:18  Gateway  
  39  3:20  Shield Battery  
  39  3:26  Probe  
  40  3:27  Probe  
  39  3:43  Probe (Chrono Boost)  
  39  3:46  Probe (Chrono Boost)  
  39  3:48  Phoenix  
  43  3:56  Robotics Facility  
  43  3:58  Assimilator, Probe (Chrono Boost)  
  43  4:00  Assimilator  
  43  4:01  Probe (Chrono Boost)  
  44  4:04  Probe (Chrono Boost)  
  44  4:07  Probe (Chrono Boost)  
  46  4:29  Pylon  
  46  4:40  Pylon  
  46  4:43  Robotics Bay  
  46  4:44  Immortal (Chrono Boost)  
  46  4:46  Phoenix  
  46  4:47  Probe x2  
  54  4:57  Pylon  
  54  4:58  Sentry  
  54  4:59  Probe x2 (Chrono Boost)  
  58  5:07  Pylon  
  58  5:10  Probe x2 (Chrono Boost)  
  60  5:15  Probe x2 (Chrono Boost), Pylon  
  60  5:16  Observer (Chrono Boost)  
  63  5:22  Phoenix  
  63  5:25  Probe x2  
  63  5:28  Pylon  
  67  5:34  Colossus (Chrono Boost)  
  73  5:39  Pylon  
  73  5:40  Probe x2  
  75  5:47  Phoenix  
  77  5:52  Probe x2  
  79  6:00  Sentry  
  81  6:07  Probe x2  
  81  6:10  Zealot  
  85  6:15  Pylon  
  85  6:18  Colossus (Chrono Boost)  
  85  6:21  Shield Battery  
  79  6:35  Sentry, Zealot  
  79  6:37  Nexus  
  83  6:40  Probe  
  83  6:55  Phoenix  
  83  6:57  Extended Thermal Lance (Chrono Boost)  
  85  7:04  Nexus, Colossus  
  85  7:08  Probe x2  
  93  7:19  Phoenix (Chrono Boost)  
  93  7:20  Probe  
  93  7:21  Pylon  
  96  7:24  Probe  
  96  7:28  Robotics Facility  
  97  7:31  Forge  
  97  7:32  Probe  
  97  7:36  Shield Battery  
  98  7:38  Probe  
  98  7:39  Phoenix (Chrono Boost)  
  101  7:44  Probe  
  101  7:47  Pylon  
  101  7:50  Probe  
  103  7:56  Probe  
  102  8:01  Immortal  
  102  8:02  Probe  
  102  8:03  Phoenix (Chrono Boost)  
  109  8:08  Probe  
  110  8:14  Probe  
  110  8:15  Photon Cannon  
  110  8:18  Sentry, Zealot  
  115  8:26  Phoenix  
  117  8:29  Probe x2  
  119  8:37  Observer, Immortal (Chrono Boost)  
  119  8:40  Probe  
  124  8:41  Probe  
  124  8:43  Sentry, Zealot  
  128  8:48  Protoss Air Weapons Level 1 (Chrono Boost)  
  128  8:51  Nexus  
  128  8:59  Probe x2  
  128  9:01  Observer  
  134  9:10  Probe  
  134  9:11  Probe  
  134  9:13  Pylon  
  134  9:14  Colossus (Chrono Boost)  
  134  9:16  Protoss Ground Weapons Level 1 (Chrono Boost)  
  136  9:17  Disruptor (Chrono Boost)  
  136  9:19  Gateway  
  136  9:20  Gateway  
  140  9:30  Observer  
  140  9:35  Stalker x2  
  140  9:37  Phoenix  
  144  9:39  Probe x2  
  144  9:40  Photon Cannon  
  144  9:42  Shield Battery  
  146  9:46  Probe  
  146  9:47  Assimilator  
  146  9:48  Assimilator  
  146  9:51  Probe x2  
  149  9:53  Pylon  
  149  9:54  Photon Cannon  
  149  9:59  Pylon  
  147  10:10  Immortal x2  
  147  10:12  Probe x2  
  147  10:13  Probe  
  158  10:14  Assimilator  
  158  10:18  Forge  
  158  10:21  Assimilator  
  158  10:23  Photon Cannon  
  158  10:27  Pylon  
  155  10:39  Stalker x4  
  163  10:53  Forge  
  162  11:05  Zealot x3, Photon Cannon, Stalker  
  162  11:06  Photon Cannon, Phoenix  
  172  11:17  Pylon  

Tags
 
Add a new tag
Caveats
  • Supply blocks, unpowered buildings, or Contaminate may cause inaccurate times.
  • Supply counts are checked every 10 seconds.